 Dungeon Crawl Stone Soup version 0.31.0-32-g396128a36d (webtiles) character file.

Game seed: 17819376177007688873

567 H0rd4k the Trooper (level 7, -2/60 HPs)
             Began as a Human Artificer on Apr 2, 2024.
             Was an Initiate of Gozag.
             Killed by divine providence
             ... invoked by an orc priest
              (12 damage)
             ... on level 4 of the Dungeon.
             The game lasted 00:06:22 (3320 turns).

H0rd4k the Trooper (Human Artificer)                Turns: 3320, Time: 00:06:23

Health: -2/60      AC:  2    Str: 13    XL:     7   Next: 33%
Magic:  7/7        EV: 11    Int: 13    God:    Gozag
Gold:   337        SH:  0    Dex: 13    Spells: 6/6 levels left

rFire   . . .        q - +0 dagger (drain)
rCold   . . .        (no shield)
rNeg    + . .        r - +0 robe "Trusted Companion" {rN+ Will+}
rPois   +            (no helmet)
rElec   .            (no cloak)
rCorr   .            (no gloves)
SInv    .            (no boots)
Will    +....        (no amulet)
Stlth   ++           f - ring of poison resistance
HPRegen 0.30/turn    (no ring)
MPRegen 0.10/turn

%: no passive effects
@: no status effects
A: explore regen
a: Renounce Religion, Potion Petition, Call Merchant, Bribe Branch


You were on level 4 of the Dungeon.
You worshipped Gozag.
Gozag was aware of your devotion.
You visited 2 branches of the dungeon, and saw 7 of its levels.

You collected 414 gold pieces.
You paid 77 gold pieces to Gozag.

Inventory:

Hand Weapons
 q - a +0 dagger of draining (weapon)
Missiles
 s - 6 poisoned darts
Armour
 b - a +0 leather armour
 r - the +0 robe "Trusted Companion" (worn) {rN+ Will+}
   (You found it on level 3 of the Dungeon)

   rN+:       It protects you from negative energy.
   Will+:     It increases your willpower.
Jewellery
 f - a ring of poison resistance (left hand)
Wands
 a - a wand of polymorph (14)
 c - a wand of flame (6) (quivered)
 d - a wand of charming (8)
 e - a wand of iceblast (1)
 p - a wand of quicksilver (8)
Scrolls
 g - 3 scrolls of revelation {unknown}
 h - 4 scrolls of identify {unknown}
 i - a scroll of fog {unknown}
 l - a scroll of summoning {unknown}
 m - 3 scrolls of enchant armour {unknown}
 n - 2 scrolls of silence {unknown}
Potions
 j - a potion of haste {unknown}
 k - 2 potions of might {unknown}
 o - 2 potions of mutation {unknown}
 t - a potion of resistance {unknown}
 u - a potion of degeneration {unknown}


   Skills:
 + Level 7.1 Fighting
 + Level 2.3 Short Blades
 - Level 2.0 Armour
 - Level 1.0 Dodging
 - Level 1.0 Stealth
 - Level 3.0 Evocations


You had 6 spell levels left.
You didn't know any spells.
Your spell library contained the following spells:

 Spells                   Type           Power      Damage    Failure   Level
 Call Imp                 Summ           0%         N/A       43%         2
 Sublimation of Blood     Necr           0%         N/A       43%         2
 Summon Ice Beast         Ice/Summ       0%         N/A       67%         3
 Tukima's Dance           Hex            0%         N/A       67%         3
 Dimensional Bullseye     Hex/Tloc       0%         N/A       97%         4
 Iskenderun's Mystic Bla  Conj/Tloc      0%         2d3       97%         4
 Summon Mana Viper        Hex/Summ       0%         N/A       100%        5
 Monstrous Menagerie      Summ           0%         N/A       100%        7
 Summon Hydra             Summ           0%         N/A       100%        7


Dungeon Overview and Level Annotations

Branches:
Dungeon (6/15)             Temple (1/1) D:6

Altars:
Ashenzari
Cheibriados
Dithmenos
Elyvilon
Fedhas
Gozag
Hepliaklqana
Kikubaaqudgha
Makhleb
Nemelex Xobeh
Okawaru
Ru
Sif Muna
Trog
Uskayaw
Vehumet
Wu Jian
Xom
Yredelemnul
Zin
The Shining One

Shops:
D:5 :

Annotations:
D:2 1 runed translucent door, exclusion: door, Crazy Yiuf
D:3 exclusion: downstairs
D:6 Jeremiah


Innate Abilities, Weirdness & Mutations

You regain HP and MP as you explore.


Message History

You hit the orc wizard. You drain the orc wizard.
The orc wizard is severely wounded.
The orc wizard closely misses you. The orc hits you but does no damage.
The orc hits you with a +0 flail.
You barely miss the orc wizard.
The orc wizard is severely wounded.
The orc wizard hits you with a +0 dagger.
The orc hits you but does no damage. The orc barely misses you.
You closely miss the orc wizard.
The orc wizard is severely wounded.
The orc wizard closely misses you. The orc hits you with a +0 club.
The orc hits you but does no damage.
You hit the orc wizard.
The orc wizard is almost dead.
The orc wizard hits you with a +0 dagger.
The orc hits you with a +0 club. The orc closely misses you.
The orc wizard hits you with a +0 dagger.
The orc attacks as it pursues you! The orc hits you with a +0 flail!
The orc barely misses you. The orc attacks as it pursues you!
The orc barely misses you. The orc attacks as it pursues you!
The orc closely misses you.
The orc wizard gestures wildly while chanting.
The orc wizard flickers and vanishes!
Deactivating autopickup; reactivate with Ctrl-A.
Something hits you.
You hit something.
You hear some strange, mumbled words.
A magic dart appears from out of thin air!
The magic dart hits you!
* * * LOW HITPOINT WARNING * * *
You closely miss something.
An orc priest comes into view. It is wielding a +0 short sword.
You miss something.
The orc priest shouts!
Something hits you.
* * * LOW HITPOINT WARNING * * *
The orc priest calls down the wrath of Beogh upon you.
Beogh smites you!
You die...
Your body crumbles into a pile of gold.

#.# .....## #.#
.....# #.#
....# #.# #...#
#.# #...# #.#
#...# #.#
#####..o###.#
#.....oo{@..#
....o##..o#####
... #.....# .
##....# #....#
#....# ######


You could see an orc priest and 4 orcs.

Vanquished Creatures
  Sigmund (D:2)
  3 hounds (D:6)
  An orc priest (D:3)
  Terence (D:2)
  Natasha (twice) (D:2)
  3 iguanas
  4 adders
  3 dart slugs
  10 orcs
  5 ball pythons
  4 endoplasms
  6 giant cockroaches
  8 hobgoblins
  5 jackals
  8 kobolds
  4 quokkas
  8 bats
  3 frilled lizards
  3 goblins
  3 rats
85 creatures vanquished.

Vanquished Creatures (collateral kills)
  An orc (D:5)
  A goblin (D:1)
  A quokka (D:2)
  2 rats (D:1)
5 creatures vanquished.

Vanquished Creatures (others)
  An ogre (D:6)
  An adder (D:2)
  An endoplasm (D:1)
  A goblin (D:1)
4 creatures vanquished.

Grand Total: 94 creatures vanquished

Notes
Turn   | Place    | Note
-------+----------+-------------------------------------------
     0 | D:1      | H0rd4k the Human Artificer began the quest for the Orb.
     0 | D:1      | Reached XP level 1. HP: 15/15 MP: 1/1
   138 | D:1      | Reached skill level 2 in Fighting
   138 | D:1      | Reached XP level 2. HP: 12/22 MP: 2/2
   309 | D:1      | Reached XP level 3. HP: 2/28 MP: 3/3
   445 | D:1      | Reached skill level 3 in Fighting
   713 | D:2      | Noticed Natasha
   719 | D:2      | Killed Natasha
   720 | D:2      | Reached XP level 4. HP: 18/37 MP: 4/4
  1040 | D:2      | Noticed Terence
  1057 | D:2      | Reached skill level 4 in Fighting
  1058 | D:2      | Killed Terence
  1405 | D:2      | Noticed Sigmund
  1408 | D:2      | Killed Sigmund
  1409 | D:2      | Reached skill level 5 in Fighting
  1409 | D:2      | Reached skill level 1 in Short Blades
  1409 | D:2      | Reached XP level 5. HP: 46/46 MP: 5/5
  1409 | D:2      | Reached XP level 6. HP: 52/52 MP: 6/6
  1561 | D:2      | Noticed Natasha
  1568 | D:2      | Killed Natasha
  1569 | D:2      | Reached skill level 6 in Fighting
  1608 | D:2      | Found a runed translucent door.
  1609 | D:2      | Noticed Crazy Yiuf
  1849 | D:3      | Identified the +0 robe "Trusted Companion" {rN+ Will+}
  1889 | D:3      | Found a shimmering altar of Xom.
  1984 | D:3      | You fall into a shaft and drop 3 floors!
  2047 | D:6      | Found a staircase to the Ecumenical Temple.
  2065 | Temple   | Entered the Ecumenical Temple
  2076 | Temple   | Became a worshipper of Gozag Ym Sagoz the Greedy
  2101 | D:6      | Reached XP level 7. HP: 59/59 MP: 7/7
  2126 | D:6      | Noticed Jeremiah
  2206 | D:5      | Entered Level 5 of the Dungeon
  2226 | D:5      | Found Decaanne's Vocational Training.
  2485 | D:3      | Reached skill level 7 in Fighting
  2874 | D:3      | Found a faded altar of an unknown god.
  3320 | D:4      | Killed from afar by an orc priest

Illustrated notes

Levels and vault maps discovered:
D:1:      ncdulo_wetmaze, layout_rooms
D:2:      layout_basic, uniq_natasha, uniq_terence, uniq_sigmund,
          uniq_crazy_yiuf_cottage
D:3:      layout_basic, amcnicky_altar_gilded, shapermc_ecumenical_altar_ellora
D:4:      kennysheep_kobold_camp, layout_basic
D:5:      layout_loops_cross, serial_shops, shop,
          hangedman_abyss_or_decor_stabs, nicolae_shop_vocational
D:6:      layout_loops_ring, minmay_temple_entry_slanted, serial_shops,
          shop_fountains, kennysheep_crisscross, uniq_jeremiah,
          uniq_blork_the_orc, uniq_duvessa
Temple:   nicolae_temple_bog_church

Skill      XL: |  1  2  3  4  5  6  7 |
---------------+----------------------+-----
Fighting       | 2 3 5 6 7 |  7.1
Short Blades   | 1 2 |  2.3
Armour         | |  2.0
Dodging        | |  1.0
Stealth        | |  1.0
Evocations     | |  3.0

Action                     |  1- 3 |  4- 6 |  7- 9 || total
---------------------------+-------+-------+-------++-------
  Melee: Club              |   128 |    55 |       ||   183
         Punch             |     1 |     1 |     1 ||     3
         Dagger            |       |    98 |   101 ||   199
  Evoke: Wand              |    10 |     9 |     2 ||    21
   Stab: Sleeping          |     1 |     1 |     2 ||     4
         Distracted        |       |       |     1 ||     1
 Armour: Leather armour    |   125 |    66 |       ||   191
         Robe              |       |    27 |    68 ||    95
  Dodge: Dodged            |   117 |   120 |    44 ||   281
